 Dungeon Crawl Stone Soup version 0.27.1-16-g815e20cd7a (webtiles) character file.

Game seed: 5078726134986587705

985 styxcanada the Covert (level 7, 0/35 HPs)
             Began as a Spriggan Brigand on Nov 22, 2021.
             Killed from afar by an orc wizard (2 damage)
             ... with a puff of flame
             ... on level 6 of the Dungeon.
             The game lasted 00:31:06 (8076 turns).

styxcanada the Covert (Spriggan Brigand)            Turns: 8076, Time: 00:31:06

Health: 0/35       AC:  7    Str: 14    XL:     7   Next: 97%
Magic:  11/11      EV: 19    Int: 12    God:
Gold:   301        SH:  0    Dex: 19    Spells: 4/10 levels left

rFire    + . .     SeeInvis +   a - +2 dagger
rCold    x . .     Faith    .   (shield restricted)
rNeg     + . .     Spirit   .   w - +1 robe {rN+}
rPois    .         Reflect  .   p - +1 hat
rElec    .         Harm     .   c - +0 cloak
rCorr    .         Rampage  .   (gloves unavailable)
Will     +....                  (boots unavailable)
Stlth    +++++.....             (no amulet)
HPRegen  0.11/turn              A - ring "Wazxeet" {Fire Str+5}
MPRegen  0.12/turn              (no ring)

@: very quick
A: very small, no large weapons, unfitting armour, see invisible, speed 3,
iridescent scales 1, strong 1
a: no special abilities


You were on level 6 of the Dungeon.
You visited 2 branches of the dungeon, and saw 7 of its levels.
You also visited: Ossuary.

You collected 301 gold pieces.

Inventory:

Hand Weapons
 a - a +2 dagger (weapon)
 b - a +0 hunting sling
 v - a +0 vampiric dagger
Missiles
 d - 6 poisoned darts (quivered)
 e - 2 curare-tipped darts
 j - 379 stones
 q - 2 boomerangs
 s - 5 atropa-tipped darts
 u - 24 sling bullets
Armour
 c - a +0 cloak (worn)
 p - a +1 hat (worn)
 w - a +1 robe of positive energy (worn)
Jewellery
 A - the ring "Wazxeet" (left hand) {Fire Str+5}
   (You found it on level 6 of the Dungeon)

   [ring of fire]

   It enhances your fire magic.
   Str:       It affects your strength (+5).
   rF:        It protects you from fire.
   rC:        It makes you vulnerable to cold.
Wands
 f - a wand of digging (3)
Scrolls
 g - a scroll of identify
 k - 2 scrolls of amnesia
 m - a scroll of blinking {unknown}
 r - 2 scrolls of summoning
 t - a scroll of teleportation {unknown}
 y - a scroll of immolation
Potions
 h - 2 potions of heal wounds
 i - a potion of mutation
 l - a potion of invisibility
 n - 3 potions of brilliance
 o - 5 potions of curing
 x - 2 potions of might
 z - a potion of haste


   Skills:
 * Level 2.6 Fighting
 + Level 4.0 Short Blades
 + Level 3.2 Throwing
 * Level 3.7 Dodging
 * Level 10.4 Stealth
 * Level 2.4 Spellcasting
 * Level 0.9 Conjurations
 * Level 1.4 Summonings
 * Level 1.0 Air Magic
 * Level 1.0 Poison Magic
 * Level 2.1 Evocations


You had 4 spell levels left.
You knew the following spells:

 Your Spells              Type           Power      Damage    Failure   Level
a - Call Canine Familiar  Summ           5%         N/A       38%         3
b - Mephitic Cloud        Conj/Pois/Air  3%         N/A       45%         3

Your spell library contained the following spells:

 Spells                   Type           Power      Damage    Failure   Level
 Summon Small Mammal      Summ           20%        N/A       14%         1
 Sublimation of Blood     Necr           0%         N/A       36%         2
 Wereblood                Tmut           1%         N/A       36%         2
 Summon Guardian Golem    Hex/Summ       3%         N/A       50%         3
 Conjure Flame            Conj/Fire      3%         6-21      54%         3
 Ignite Poison            Fire/Tmut/Pois 3%         N/A       56%         3
 Ozocubu's Armour         Ice            1%         N/A       61%         3
 Sticky Flame             Conj/Fire      3%         2d3       91%         4
 Bolt of Magma            Conj/Fire/Erth 1%         4d4       100%        5
 Ozocubu's Refrigeration  Ice            0%         4d5       100%        7
 Summon Hydra             Summ           2%         N/A       100%        7


Dungeon Overview and Level Annotations

Branches:
Dungeon (6/15)             Temple (1/1) D:4         Ossuary (visited)

Altars:
Ashenzari
Cheibriados
Dithmenos
Elyvilon
Fedhas
Hepliaklqana
Kikubaaqudgha
Makhleb
Nemelex Xobeh
Okawaru
Qazlal
Ru
Sif Muna
Trog
Uskayaw
Vehumet
Wu Jian
Xom
The Shining One

Shops:
D:6 (


Innate Abilities, Weirdness & Mutations

You are very small and have problems with some larger weapons.
You are too small for most types of armour.
You have supernaturally acute eyesight. (SInv)
You cover ground extremely quickly. (Speed+++)
You are partially covered in iridescent scales. (AC +2)
Your muscles are strong. (Str +2)


Message History

The poisoned dart hits the orc wizard.
The orc wizard looks even sicker.
The orc wizard is moderately wounded.
The river rat bites you!
* * * LOW HITPOINT WARNING * * *
You hit the river rat.
The river rat is lightly wounded.
The river rat misses you.
You hit the river rat.
The river rat is heavily wounded.
You hit the river rat.
The river rat is severely wounded.
The river rat completely misses you.
You closely miss the river rat.
The river rat is severely wounded.
The river rat completely misses you.
You hit the river rat.
You kill the river rat!
The orc wizard closely misses you.
You see here a river rat corpse.
You hit the orc wizard but do no damage.
The orc wizard is heavily wounded.
The orc wizard closely misses you.
You barely miss the orc wizard.
The orc wizard is heavily wounded.
The orc wizard hits you but does no damage.
You barely miss the orc wizard.
The orc wizard is heavily wounded.
You hit the orc wizard.
The orc wizard is severely wounded.
The orc wizard misses you.
You hit the orc wizard.
The orc wizard is almost dead.
The orc wizard points at you and mumbles some strange words.
The magic dart hits you.
* * * LOW HITPOINT WARNING * * *
You closely miss the orc wizard.
The orc wizard is almost dead.
The orc wizard casts a spell at you. The puff of flame hits you. You resist.
You die...

######### ###
......#.# ######
##.#. ........#
#.@or#######..#.
........#
#####(..(.#..#.####
..(....##
#####..(##.≈≈≈≈
......## ##..#r.≈≈≈≈
.....## ##r#...≈≈≈
...###
############..o.r.≈≈
..##
#..†...†........(...
..#
#.###########.......
.## #. #.######


You could see an orc wizard (invisible, poisoned) and a river rat.

Vanquished Creatures
  A sky beast (D:6)
  2 scorpions
  A howler monkey (D:5)
  A bullfrog skeleton (D:5)
  2 orc priests
  3 jellies
  6 orc wizards
  2 iguanas
  2 hound skeletons (D:4)
  3 mummies (Ossuary)
  8 gnolls
  4 river rats (D:6)
  5 adders
  A shadow imp (D:6)
  3 adder zombies (Ossuary)
  3 adder skeletons
  A worm (D:2)
  4 dart slugs
  11 orcs
  8 ball pythons
  6 bats
  9 endoplasms
  7 giant cockroaches
  7 goblins
  4 hobgoblins
  3 jackals (D:2)
  15 kobolds
  2 quokkas
  2 frilled lizards
  3 goblin zombies
  3 hobgoblin zombies (Ossuary)
  3 kobold zombies (Ossuary)
  5 quokka zombies
  4 rats
  3 rat zombies (Ossuary)
147 creatures vanquished.

Vanquished Creatures (others)
  An orc (D:6)
  15 toadstools
16 creatures vanquished.

Grand Total: 163 creatures vanquished

Notes
Turn   | Place    | Note
-------+----------+-------------------------------------------
     0 | D:1      | styxcanada the Spriggan Brigand began the quest for the
                  | Orb.
     0 | D:1      | Reached XP level 1. HP: 10/10 MP: 2/2
    26 | D:1      | Reached skill level 6 in Stealth
   117 | D:1      | Found a faded altar of an unknown god.
   130 | D:1      | Got Plato's Volume of the Entourage
   295 | D:1      | Reached XP level 2. HP: 11/14 MP: 3/3
  1047 | D:2      | You fall into a shaft and drop 2 floors!
  1059 | D:4      | Reached skill level 7 in Stealth
  1069 | D:4      | Reached XP level 3. HP: 12/18 MP: 4/4
  1110 | D:4      | Noticed a scorpion
  1122 | D:4      | Found a staircase to the Ecumenical Temple.
  1130 | Temple   | Entered the Ecumenical Temple
  1407 | D:4      | Killed a scorpion
  1408 | D:4      | Reached skill level 8 in Stealth
  1408 | D:4      | Reached XP level 4. HP: 23/23 MP: 5/5
  1513 | D:2      | Found a sacrificial altar of Ru.
  1581 | D:2      | Reached XP level 5. HP: 10/26 MP: 6/6
  2045 | D:2      | Learned a level 3 spell: Call Canine Familiar
  2811 | D:2      | Reached skill level 1 in Spellcasting
  2819 | D:2      | Reached XP level 6. HP: 25/30 MP: 8/8
  3530 | D:3      | Reached skill level 9 in Stealth
  4428 | D:4      | Reached skill level 1 in Summonings
  4428 | D:4      | Reached skill level 1 in Evocations
  4586 | D:4      | Learned a level 3 spell: Mephitic Cloud
  5300 | D:5      | Entered Level 5 of the Dungeon
  5328 | D:5      | Found a sand-covered staircase.
  5350 | Ossuary  | Entered an ossuary
  5379 | Ossuary  | Reached XP level 7. HP: 25/35 MP: 10/10
  5836 | D:5      | Found a stormy altar of Qazlal.
  6069 | D:5      | Found a bloodstained altar of Trog.
  6257 | D:5      | Gained mutation: Your muscles are strong. (Str +2) [potion
                  | of mutation]
  6257 | D:5      | Gained mutation: You are partially covered in iridescent
                  | scales. (AC +2) [potion of mutation]
  6649 | D:5      | Reached skill level 10 in Stealth
  6853 | D:5      | Found an ornate altar of the Wu Jian Council.
  7380 | D:6      | Identified the ring "Wazxeet" {Fire Str+5}
  7702 | D:6      | Reached skill level 1 in Air Magic
  7883 | D:6      | Reached skill level 1 in Poison Magic
  7916 | D:6      | Found Igivotewk's Hydra Hut.
  7919 | D:6      | Noticed a four-headed hydra
  7972 | D:6      | Found a glowing drain.
  8076 | D:6      | Killed from afar by an orc wizard

Illustrated notes

Levels and vault maps discovered:
D:1:      ldierk_walled_garden_2, layout_basic,
          shapermc_ecumenical_altar_rom_forum
D:2:      cheibrodos_fertilizer, layout_rooms, basic_altar
D:3:      layout_basic, serial_corexii_hall, chequers_hall_statues_wall_a,
          corexii_hall_statues_i
D:4:      wad_river_or_something, layout_basic, minmay_temple_entry_ruins
D:5:      layout_layer_cave, lemuel_round_altar, grunt_qazlal_sundering,
          pdpol_wu_jian_five_deadly_venoms, enter_ossuary_4
D:6:      minmay_flawed_box, layout_cave_pods, portal_sewer_entry_b,
          doesnt_shop_hydraphobe
Temple:   regret_index_temple_waves

Skill      XL: |  1  2  3  4  5  6  7 |
---------------+----------------------+-----
Stealth        | 6 7 8 9 10 | 10.4
Dodging        | 2 3 |  3.7
Fighting       | 2 |  2.6
Short Blades   | 3 4 |  4.0
Spellcasting   | 1 2 |  2.4
Summonings     | 1 |  1.4
Evocations     | 1 2 |  2.1
Throwing       | 3 |  3.2
Air Magic      | 1 |  1.0
Poison Magic   | 1 |  1.0
Conjurations   | |  0.9

Action                   |  1- 3 |  4- 6 |  7- 9 || total
-------------------------+-------+-------+-------++-------
Melee: Dagger            |    37 |   263 |   182 ||   482
Throw: Dart              |    14 |    45 |    48 ||   107
       Stone             |       |     5 |       ||     5
  Use: Scroll            |       |    12 |     2 ||    14
       Potion            |       |     2 |     2 ||     4
 Stab: Sleeping          |    10 |    27 |    11 ||    48
       Invisible         |       |     3 |     2 ||     5
       Distracted        |       |     2 |     1 ||     3
Armor: Robe              |     1 |    19 |    29 ||    49
Dodge: Dodged            |    22 |   142 |   101 ||   265
